 Dungeon Crawl Stone Soup version 0.17-a0-112-ge7edae9 (console) character file.

61 MrRokkomies the Vexing (level 3, 0/16 HPs)
             Began as a Spriggan Enchanter on Mar 19, 2015.
             Slain by a worm (9 damage)
             ... on level 2 of the Dungeon.
             The game lasted 00:03:40 (1176 turns).

MrRokkomies the Vexing (Spriggan Enchanter)         Turns: 1176, Time: 00:03:41

Health: 0/16       AC:  3    Str:  5    XL:     3   Next: 83%
Magic:  7/9        EV: 18    Int: 16    God:
Gold:   64         SH:  0    Dex: 16    Spells: 3 memorised, 1 level left

rFire  . . .     SeeInvis +     a - +1 dagger
rCold  . . .     Clarity  .     b - +1 robe
rNeg   . . .     SustAb   .     (shield restricted)
rPois  .         Gourm    .     (helmet restricted)
rElec  .         Spirit   .     (no cloak)
rCorr  .         Warding  .     (gloves unavailable)
rMut   .         Stasis   .     (boots unavailable)
MR     .....                    (no amulet)
Stlth  +++.......               (no ring)
                                (no ring)

@: very slightly contaminated, very quick, not resistant to hostile
enchantments, fairly stealthy
A: unfitting armour, see invisible, herbivore 3, speed 3, slow metabolism 2
a: no special abilities


You were on level 2 of the Dungeon.
You were not hungry.

You visited 1 branch of the dungeon, and saw 2 of its levels.

You collected 64 gold pieces.

Inventory:

Hand weapons
 a - a +1 dagger (weapon)
Armour
 b - a +1 robe (worn)
Magical devices
 h - a wand of polymorph (7)
Scrolls
 e - 2 scrolls of teleportation
 k - a scroll of noise {unknown}
Potions
 f - 3 potions of curing
 g - a potion of flight {unknown}
 i - a potion of might {unknown}
Books
 c - a book of Maledictions

   Spells                             Type                      Level
   a - Corona                         Hexes                        1
   b - Sure Blade                     Hexes/Charms                 2
   c - Ensorcelled Hibernation        Hexes/Ice                    2
   d - Confuse                        Hexes                        3
   e - Dazzling Spray                 Conjuration/Hexes            3
   f - Enslavement                    Hexes                        4
Comestibles
 d - 2 bread rations
 j - a royal jelly


   Skills:
 * Level 2.9 Short Blades
 - Level 3.0 Dodging
 - Level 4.4 Stealth
 - Level 2.6 Spellcasting
 * Level 4.9 Hexes


You had one spell level left.
You knew the following spells:

 Your Spells              Type           Power        Failure   Level  Hunger
a - Corona                Hex            ###....      2%          1    #......
b - Ensorcelled Hibernat  Hex/Ice        ##....       12%         2    ##.....
c - Confuse               Hex            ###.....     10%         3    ###....


Dungeon Overview and Level Annotations

Branches:
Dungeon (2/15)

Altars:


Innate Abilities, Weirdness & Mutations

You are tiny and cannot use many weapons and most armour.
You have supernaturally acute eyesight.
You are a herbivore.
You cover ground extremely quickly.
You need consume almost no food.


Message History

The worm is moderately wounded.
The worm bites you!
You hit the worm but do no damage.
The worm is moderately wounded.
You hit the worm.
The worm is heavily wounded.
The worm closely misses you.
You hit the worm.
The worm is severely wounded.
Casting: Ensorcelled Hibernation
Confirm with . or Enter, or press ? or * to list all spells.
Aiming: Ensorcelled Hibernation
Press: ? - help, Shift-Dir - straight line, f - worm
Aim: a worm (severely wounded, chance 50%)
You miscast Ensorcelled Hibernation.
You are very lightly contaminated with residual magic.
You hear a crackling sound.
The worm bites you!
Ouch! That really hurt!
You die...

#......#%####
#.######...##.###
..>.##... ...#
###..#...#
...##....# #####
##.###..
.....##.# ###
#.##### .### .#
..# #..# #. .# ..
##.# #. . ##.#
#.#### #w.#
#....# ##@#
######.# #..##
... #.. #...##
#.##.. ###..#
#..#.. ##.#######
#...# #.......##
##...
#######..###...#
##.....#..
#####...#


You could see a worm.

Vanquished Creatures
  An adder (D:1)
  A giant mite (D:1)
  A worm (D:2)
  A giant gecko (D:1)
  3 giant cockroaches (D:2)
  5 hobgoblins
  2 jackals (D:1)
  3 ball pythons
  4 bats (D:1)
  A giant newt (D:1)
  4 goblins
  6 kobolds
  8 rats
40 creatures vanquished.

Notes
Turn   | Place    | Note
--------------------------------------------------------------
     0 | D:1      | MrRokkomies, the Spriggan Enchanter, began the quest for the Orb.
     0 | D:1      | Reached XP level 1. HP: 9/9 MP: 4/4
     2 | D:1      | Noticed an electric eel
   187 | D:1      | Reached XP level 2. HP: 11/13 MP: 7/7
   191 | D:1      | Learned a level 2 spell: Ensorcelled Hibernation
   280 | D:1      | Reached XP level 3. HP: 4/16 MP: 1/9
   716 | D:1      | Learned a level 3 spell: Confuse
  1176 | D:2      | Slain by a worm

Action                   || total
-------------------------++-------
Melee: Dagger            ||   109
 Cast: Ensorcelled Hiber ||     4
  Use: Scroll            ||     3
 Stab: Sleeping          ||     7
